 Dungeon Crawl Stone Soup version 0.29.0-4-gdea44cf6ec (webtiles) character file.

Game seed: 7270104892960011495

8 qw the Chopper (level 2, 0/26 HPs)
             Began as a Minotaur Berserker on Sept 4, 2022.
             Was a Follower of Trog.
             Hit by a stone thrown by a goblin (1 damage)
             ... on level 1 of the Dungeon.
             The game lasted 00:00:20 (635 turns).

qw the Chopper (Minotaur Berserker)                  Turns: 635, Time: 00:00:20

Health: 0/26       AC:  2    Str: 21    XL:     2   Next: 0%
Magic:  1/1        EV: 12    Int:  4    God:    Trog [*.....]
Gold:   39         SH:  0    Dex:  9    Spells: 1/1 levels left

rFire   . . .      SeeInvis .   Y - +0 hand axe
rCold   . . .      Faith    .   (no shield)
rNeg    . . .      Spirit   .   b - +0 animal skin
rPois   .          Reflect  .   (helmet restricted)
rElec   .          Harm     .   (no cloak)
rCorr   .          Rampage  .   (no gloves)
Will    .....                   (no boots)
Stlth   +.........              (no amulet)
HPRegen 0.08/turn               (no ring)
MPRegen 0.07/turn               (no ring)

@: no status effects
A: horns 2, retaliatory headbutt
a: Renounce Religion, Berserk


You were on level 1 of the Dungeon.
You worshipped Trog.
Trog was aware of your devotion.
You visited 1 branch of the dungeon, and saw 2 of its levels.

You collected 39 gold pieces.


Innate Abilities, Weirdness & Mutations

You have a pair of horns on your head.
You reflexively headbutt those who attack you in melee.


   Skills:
 - Level 3.6 Fighting
 + Level 4.3 Axes
 - Level 2.4 Armour
 - Level 2.1 Dodging


You had one spell level left.
You didn't know any spells.
Your spell library was empty.

Inventory:

Hand Weapons
 e - a +0 whip
 Y - a +0 hand axe (weapon)
Armour
 b - a +0 animal skin (worn)
 d - a +0 ring mail
Scrolls
 a - a scroll of teleportation
Potions
 c - a potion of brilliance {unknown}

Dungeon Overview and Level Annotations

Branches:
Dungeon (2/15)

Altars:


Message History

The goblin throws a stone.
The stone hits you.
The goblin throws a stone.
The stone hits you.
The goblin throws a stone.
The stone hits you but does no damage.
The goblin throws a stone.
The stone closely misses you.
The goblin throws a stone.
The stone misses you.
The goblin throws a stone.
The stone closely misses you.
The goblin throws a stone.
The stone barely misses you.
The goblin throws a stone.
The stone hits you but does no damage.
The goblin throws a stone.
The stone barely misses you.
The goblin throws a stone.
The stone barely misses you.
The goblin throws a stone.
The stone hits you but does no damage.
The goblin throws a stone.
The stone barely misses you.
The goblin throws a stone.
The stone closely misses you.
The goblin throws a stone.
The stone hits you but does no damage.
The goblin throws a stone.
The stone hits you but does no damage.
The goblin throws a stone.
The stone hits you.
The goblin throws a stone.
The stone hits you but does no damage.
The goblin throws a stone.
The stone hits you.
The goblin throws a stone.
The stone hits you but does no damage.
The goblin throws a stone.
The stone barely misses you.
The goblin throws a stone.
The stone misses you.
The goblin throws a stone.
The stone hits you.
The goblin throws a stone.
The stone closely misses you.
The goblin throws a stone.
The stone hits you.
The goblin throws a stone.
The stone hits you.
The goblin throws a stone.
The stone closely misses you.
The goblin throws a stone.
The stone barely misses you.
The goblin throws a stone.
The stone misses you.
The goblin throws a stone.
The stone hits you.
The goblin throws a stone.
The stone hits you.
The goblin throws a stone.
The stone closely misses you.
The goblin throws a stone.
The stone hits you.
The goblin throws a stone.
The stone barely misses you.
The goblin throws a stone.
The stone hits you but does no damage.
The goblin throws a stone.
The stone hits you.
The goblin throws a stone.
The stone hits you.
The goblin throws a stone.
The stone barely misses you.
The goblin throws a stone.
The stone barely misses you.
The goblin throws a stone.
The stone hits you.
You die...

###¤~~~~~~ #
#~¤~.....~ .
#......... ##.
######'### #.# ##
####8(8## #.#
..###........ #.#
~..##.........
#.#~K..##.........
#@'~g..'8.....<...
#.#~g..#'.........
#.# ~..##.........
#.## ..###........
##.# ## ###8+8#8#
#.# ######+###
#.## #¤¤.......
##.### ¤~.¤...~
##..#### ¤¤~~~~¤


You could see 2 goblins and a kobold.

Vanquished Creatures
  A bat (D:1)
  4 hobgoblins (D:1)
  A quokka (D:2)
6 creatures vanquished.

Notes
Turn   | Place    | Note
-------+----------+-------------------------------------------
     0 | D:1      | qw the Minotaur Berserker began the quest for the Orb.
     0 | D:1      | Reached XP level 1. HP: 19/19 MP: 0/0
     0 | D:1      | 0 ||| qw: Version: 0.1-a-103-gd6f5d3a
     0 | D:1      | 0 ||| qw: Game counter: 5668
     0 | D:1      | 0 ||| qw: Always use a shield: true
     0 | D:1      | 0 ||| qw: Do Orc after D:15 true
     0 | D:1      | 0 ||| qw: Do second Lair branch before Depths: true
     0 | D:1      | 0 ||| qw: Lair rune preference: random
     0 | D:1      | 0 ||| qw: Plans: Normal
     0 | D:1      | 0 ||| PLANNING D:1-11
    83 | D:1      | You fall into a shaft and drop 1 floor!
   106 | D:2      | Reached skill level 4 in Axes
   109 | D:2      | 109 ||| READING 2 scrolls labelled MYAQAL KOVELA.
   237 | D:1      | Reached XP level 2. HP: 19/26 MP: 1/1
   608 | D:1      | HP: 6/26 [goblin/stone (2)]
   614 | D:1      | HP: 4/26 [goblin/stone (2)]
   624 | D:1      | HP: 3/26 [goblin/stone (1)]
   631 | D:1      | HP: 3/26 [goblin/stone (1)]
   632 | D:1      | HP: 1/26 [goblin/stone (2)]
   635 | D:1      | Hit by a stone thrown by a goblin

Levels and vault maps discovered:
D:1:      dpeg_arrival_morbid_curiosity, layout_basic,
          chequers_ecumenical_altar_island
D:2:      layout_basic, minmay_misc_feat_rows, kennysheep_another_room

Skill      XL: |  1 |
---------------+----+-----
Axes           | 4 |  4.3
Fighting       | |  3.6
Armour         | |  2.4
Dodging        | |  2.1

Action                   || total
-------------------------++-------
Melee: Hand axe          ||    12
       Headbutt          ||     1
       Punch             ||     1
  Use: Scroll            ||     1
Armor: Animal skin       ||    40
Dodge: Dodged            ||    82

Table legend:
 A = Non-vault XP
 B = Vault XP
 C = Vault XP percentage of total XP
 D = Non-vault monster count
 E = Vault monster count
 F = Vault count percentage of total count
                 A         B        C        D         E       F
            +---------+---------+-------+---------+---------+-------
      Total |       8 |       4 |  33.3 |       4 |       2 |  33.3
            +---------+---------+-------+---------+---------+-------
        D:1 |       6 |       4 |  40.0 |       3 |       2 |  40.0
        D:2 |       2 |       0 |   0.0 |       1 |       0 |   0.0
            +---------+---------+-------+---------+---------+-------
